[Event "4th ESNA Championship 2022"]
[Site "Vaduz"]
[Date "2022.09.26"]
[Round "3.1"]
[White "Henderson de La Fuente, Lance"]
[Black "Mizzi, Jack"]
[Result "1-0"]
[ECO "E18"]
[WhiteElo "2504"]
[BlackElo "1863"]
[Annotator "TA"]
[PlyCount "91"]
[EventDate "2022.09.25"]
[EventType "tourn"]
[EventCountry "LIE"]
[SourceTitle "playchess.com"]
[Source "ChessBase"]
[SourceQuality "1"]
[TimeControl "40/5400+30:1800+30"]

1. d4 Nf6 2. Nf3 d5 3. c4 e6 4. g3 Nbd7 5. Bg2 Be7 6. O-O O-O 7. Qc2 c5 8. cxd5 exd5 9. Nc3 b6 10. Bf4 Bb7 11. Rad1 {[%emt 0:01:33] E18: Queen's Indian: Old Main Line (4 g3 Bb7 5 Bg2 Be7 6 0-0 0-0 7 Nc3).} Rc8 12. dxc5 Nxc5 13. Qb1 {[%emt 0:10:37] [#] The position is equal.} Qe8 $146 ({Predecessor:} 13... Ne6 14. Nb5 Qd7 15. Nbd4 Nxf4 16. gxf4 Nh5 17. Ne5 Qd6 18. e3 Bf6 19. Nef3 g6 {½-½ (35) Sun,Y-Zheng,C (1699) Changsha 2019}) 14. Nd4 Ne6 15. Be3 Bc5 16. Nf5 Rd8 $1 17. Bxc5 bxc5 18. b4 c4 (18... d4 $5 19. Bxb7 dxc3 $11) 19. b5 g6 20. Nd4 Nc5 21. a4 Qe5 22. Qb4 Rc8 23. Nf3 (23. Nc6 $1 $16 Bxc6 24. Qxc5) 23... Qc7 24. Nd4 (24. a5 $14) 24... a5 (24... Qe5 $1 $11 {keeps the balance.}) 25. Qa3 (25. bxa6 $16 Nxa6 26. Qa3) 25... Qb6 26. Qc1 Ne6 {[%emt 0:04:00] Against Qf4} 27. Qe3 $36 {[%emt 0:02:50][%mdl 2048] White fights for an advantage.} Rfe8 {[%emt 0:03:07] [#]} (27... Rcd8 $14) 28. Nc6 (28. Nxe6 $1 $16 Rxe6 29. Qxb6 (29. Nxd5 Nxd5 30. Qxb6 Nxb6 $11) 29... Rxb6 30. Bxd5 (30. Nxd5 Nxd5 31. Bxd5 Bxd5 $16)) 28... Nc5 $2 {[%emt 0:03:00] A mistake that costs the game.} ({Black should try} 28... d4 $1 $14 29. Qf3 (29. Nxd4 Ng4 $15) 29... Nd7) 29. Qd4 (29. Ne7+ $2 {[#]} Rxe7 $1 30. Qxe7 Re8 31. Qxe8+ Nxe8 $19) 29... Bxc6 $2 (29... Ncd7 {keeps fighting.}) 30. Qxf6 $18 {[%emt 0:00:28][%mdl 64] Pin} Nd7 31. Qf4 (31. Nxd5 Bxd5 32. Qxb6 Nxb6 $17) 31... Ba8 32. Bxd5 (32. Nxd5 Bxd5 33. Bxd5 Ne5 $18) 32... Bxd5 33. Rxd5 ({But not} 33. Nxd5 Qc5 34. Nc3 Nb6 $18) 33... Qb7 34. Rfd1 Nc5 35. h4 Ne6 36. Qf6 {[%emt 0:00:29] Rd7 is the strong threat.} Qe7 37. Qe5 Qb4 $2 (37... Nc5) 38. Ne4 {[%emt 0:01:10] And now Nf6+ would win. White is clearly winning.} Re7 39. Nf6+ Kf8 40. Nxh7+ Kg8 41. Nf6+ Kf8 42. Ne4 Kg8 {[%emt 0:00:46] Inhibits Qh8+.} 43. Nc3 (43. Rd6 $142 Rf8 44. Nf6+ Kg7 45. Nd5+ f6 46. Rxe6 (46. Nxe7 fxe5 47. Rxe6 c3 $17) 46... fxe5 47. Rxe7+ (47. Nxb4 Rxe6 48. Nc6 Rxc6 $16) 47... Qxe7 48. Nxe7) 43... Nf8 44. Qd4 Rce8 45. h5 Ne6 46. Qf6 {[%emt 0:00:11] Weighted Error Value: White=0.36/Black=0.38} 1-0

[Event "4th ESNA Championship 2022"]
[Site "Vaduz"]
[Date "2022.09.26"]
[Round "3.2"]
[White "Carpenter, Paul A"]
[Black "Berend, Fred"]
[Result "0-1"]
[ECO "D00"]
[WhiteElo "1986"]
[BlackElo "2300"]
[Annotator "TA"]
[PlyCount "72"]
[EventDate "2022.09.25"]
[EventType "tourn"]
[EventCountry "LIE"]
[SourceTitle "playchess.com"]
[Source "ChessBase"]
[SourceQuality "1"]
[TimeControl "40/5400+30:1800+30"]

1. d4 Nf6 2. Bg5 d5 3. Bxf6 gxf6 4. e3 c5 5. c3 e5 6. dxc5 {[%emt 0:05:07] D00: 1 d4 d5: Unusual lines.} Bxc5 7. Nd2 Nc6 8. Nb3 {[%emt 0:01:48] Black is slightly better.} Be7 {[%emt 0:00:19] [#]} 9. g3 $146 ({Predecessor:} 9. Bd3 Be6 10. Ne2 Qd7 11. O-O O-O-O 12. f4 Qc7 13. f5 Bd7 14. Qe1 Kb8 15. e4 {½-½ (41) Chernyshov,K (2531)-Berczes,D (2342) Budapest 2005}) 9... Be6 10. Qh5 Qd7 $36 {[%emt 0:07:36][%mdl 2048] Black has some pressure.} 11. Bh3 O-O-O 12. O-O-O Kb8 13. f4 {[%emt 0:05:08] aiming for f5.} Bxh3 (13... d4 $17 {[%cal Oc6b4] White must now prevent ...Nb4!} 14. exd4 Nxd4 $1 15. Bxe6 Qxe6) 14. Nxh3 $15 a5 15. Nf2 a4 16. Na1 ({White should try} 16. Nd2) 16... Bc5 (16... a3 $17 {And now ...axb2+ would win.} 17. Nb3 Rc8) 17. Rhe1 Qe6 {[%emt 0:08:28] Strongly threatening ...d4.} (17... a3 $5 18. b4 Be7 $11) 18. Nd3 Bb6 ({Better is} 18... Bxe3+ $11 19. Kb1 (19. Rxe3 d4 $15) 19... d4) 19. Kb1 (19. Nc2 $14) 19... a3 $11 20. b3 {[%emt 0:04:09] [#]} (20. bxa3 $11 Rc8 21. fxe5) 20... e4 (20... Na7 $1 $17 {[%cal Ra7b5] Hoping for ...Nb5.} 21. fxe5 Nb5) 21. Nf2 (21. Nc1 $1 $11) 21... f5 22. Nc2 {[%emt 0:00:51] [#]} (22. Rc1 $142) 22... Qf6 (22... Ba5 $1 $17 23. b4 Qf6) 23. Nd4 Rc8 {[%emt 0:11:17] ...Nxd4 is the strong threat.} 24. Qe2 $2 (24. Rc1 $17) 24... Ba5 $19 25. b4 Bb6 (25... Nxd4 $19 {and Black stays clearly on top.} 26. exd4 Bb6) 26. Qb5 (26. Rc1 $17) 26... Bxd4 27. cxd4 Qd6 28. Qc5 Rhd8 29. b5 (29. Rc1 {might work better.}) 29... Na5 30. Qxd6+ Rxd6 31. g4 $2 (31. Rc1) 31... Rb6 {[%emt 0:00:55] Black is clearly winning.} 32. Rc1 (32. Re2 $142 Rxb5+ 33. Ka1) 32... Rxb5+ 33. Ka1 Rxc1+ 34. Rxc1 Rb2 35. Nd1 Rxh2 36. Nc3 fxg4 {[%emt 0:00:45] Weighted Error Value: White=0.68/Black=0.23 (precise)} 0-1

[Event "4th ESNA Championship 2022"]
[Site "Vaduz"]
[Date "2022.09.26"]
[Round "3.3"]
[White "Efimov, Igor"]
[Black "Frick, Renato"]
[Result "1-0"]
[ECO "C78"]
[WhiteElo "2360"]
[BlackElo "1875"]
[Annotator "RC"]
[PlyCount "47"]
[EventDate "2022.09.25"]
[EventType "tourn"]
[EventCountry "LIE"]
[SourceTitle "playchess.com"]
[Source "ChessBase"]
[SourceQuality "1"]
[TimeControl "40/5400+30:1800+30"]

1. e4 e5 2. Nf3 Nc6 3. Bb5 a6 4. Ba4 Nf6 5. O-O b5 6. Bb3 Be7 7. a4 Rb8 8. axb5 axb5 9. d4 d6 10. c3 exd4 11. cxd4 O-O 12. h3 Nxe4 13. Bd5 Nxf2 14. Rxf2 Nb4 15. Nc3 c6 16. Be4 f5 17. Bb1 Be6 18. Qd2 h6 19. d5 Nxd5 20. Nd4 Bg5 21. Nxe6 Bxd2 22. Nxd8 Bxc1 23. Nxc6 Nxc3 24. bxc3 1-0

[Event "4th ESNA Championship 2022"]
[Site "Vaduz"]
[Date "2022.09.26"]
[Round "3.4"]
[White "Kirby, Peter J."]
[Black "Apol, Luitjen Akselsson"]
[Result "0-1"]
[ECO "E62"]
[WhiteElo "2011"]
[BlackElo "2113"]
[Annotator "ChessBase"]
[PlyCount "91"]
[EventDate "2022.09.25"]
[EventType "tourn"]
[EventCountry "LIE"]
[SourceTitle "playchess.com"]
[Source "ChessBase"]
[SourceQuality "1"]
[TimeControl "40/5400+30:1800+30"]

1. d4 Nf6 2. Nf3 g6 3. c4 Bg7 4. g3 O-O 5. Bg2 d6 6. O-O Nc6 7. Nc3 Bg4 8. d5 Na5 9. b3 c5 10. dxc6 Nxc6 11. Be3 Qa5 12. Rc1 Qh5 13. Nd5 Nxd5 14. cxd5 Nb4 15. Rc7 Nxd5 16. Rxb7 Nxe3 17. fxe3 Bf6 18. Qd2 Rac8 19. Rxa7 Rc3 20. Nd4 Qc5 21. Ra4 Bg5 22. Rc4 Bxe3+ 23. Qxe3 Rxe3 24. Rxc5 dxc5 25. Nc6 Rxe2 26. Rf2 Re1+ 27. Rf1 Re2 28. Rf2 e6 29. h3 Rxf2 30. Kxf2 Bf5 31. Ke3 Kg7 32. Kd2 Ra8 33. a4 c4 34. Kc3 cxb3 35. Kxb3 Kf6 36. Kb4 e5 37. a5 Bd3 38. Nxe5 Rb8+ 39. Kc3 Kxe5 40. Kxd3 Rb3+ 41. Kc4 Rxg3 42. Bb7 Kd6 43. a6 Kc7 44. Bd5 Kb6 45. Bxf7 Rxh3 46. Kd4 0-1

[Event "4th ESNA Championship 2022"]
[Site "Vaduz"]
[Date "2022.09.26"]
[Round "3.5"]
[White "Michaelides, Konstantinos"]
[Black "Volpinari, Danilo"]
[Result "1-0"]
[ECO "A43"]
[WhiteElo "2304"]
[BlackElo "1929"]
[Annotator "TA"]
[PlyCount "69"]
[EventDate "2022.09.25"]
[EventType "tourn"]
[EventCountry "LIE"]
[SourceTitle "playchess.com"]
[Source "ChessBase"]
[SourceQuality "1"]
[TimeControl "40/5400+30:1800+30"]

1. d4 c5 2. d5 g6 3. e4 Bg7 4. Nc3 d6 5. Nf3 Nf6 6. Bb5+ Nbd7 7. a4 O-O 8. O-O a6 9. Be2 Qc7 {[%emt 0:01:13] A43: Schmid Benoni.} 10. h3 Rb8 11. Nd2 {[%emt 0:05:21][%cal Bf3d2,Bd2b3,Bb3a5][%mdl 32] [#]} Re8 $146 {[%emt 0:05:39] White is slightly better.} ({Predecessor:} 11... Ne8 12. Ra3 e5 13. g4 Qd8 14. Na2 Bf6 15. c4 Be7 16. Rg3 Ng7 17. Nc3 Kh8 {½-½ (45) Beltran,C (2176)-Morales,J (2397) Cali 2018}) 12. a5 b5 13. axb6 $1 Nxb6 14. Nb3 ({Don't blunder} 14. Bxa6 $2 Ra8 15. Bxc8 Rxa1 $19) 14... Ra8 15. Be3 Bb7 (15... e6 $11) 16. Na5 $16 Bc8 17. Qd2 Bd7 18. f4 (18. Bf4 $16) 18... Reb8 (18... e6 $11 {keeps the balance.}) 19. Bf3 {[%emt 0:06:20] White stays focused until the end.} Ra7 (19... Bb5 $16 {was called for.}) 20. Bf2 Ne8 21. Rfe1 e6 22. Ra2 ({White should try} 22. dxe6 $18 Bxe6 23. e5) 22... Rba8 (22... exd5 $16 23. exd5 Nf6) 23. e5 (23. dxe6 $18 fxe6 24. e5) 23... exd5 24. Nxd5 Nxd5 25. Bxd5 ({Stronger than} 25. Qxd5 Be6 26. exd6 Bxd5 $15) 25... Rb8 26. Nc4 {[%emt 0:01:15] [#] Strongly threatening exd6. White is much more active. The black rooks are badly placed.} dxe5 27. fxe5 Be6 28. Bxe6 fxe6 29. Qe3 Rc8 30. Ra5 Qe7 (30... Bf8 $16 31. Qe4 Qc6 32. Qxc6 Rxc6) 31. Rxc5 Rb8 {[%emt 0:00:28] [#]} (31... Qxc5 32. Qxc5 Rxc5 33. Bxc5 Ra8) 32. b3 {[%emt 0:00:32] Threatens to win with Na5.} Nc7 (32... Rc7 $142 33. Ra5 Rc6) 33. Rc6 Nd5 $2 (33... Rab7 34. Qe4 Qd7) 34. Qxa7 $18 Qxa7 35. Bxa7 {[%emt 0:00:03] Weighted Error Value: White=0.32/Black=0.48} 1-0

[Event "4th ESNA Championship 2022"]
[Site "Vaduz"]
[Date "2022.09.27"]
[Round "4.1"]
[White "Mizzi, Jack"]
[Black "Volpinari, Danilo"]
[Result "1-0"]
[ECO "D11"]
[WhiteElo "1863"]
[BlackElo "1929"]
[Annotator "TA"]
[PlyCount "55"]
[EventDate "2022.09.25"]
[EventType "tourn"]
[EventCountry "LIE"]
[SourceTitle "playchess.com"]
[Source "ChessBase"]
[SourceQuality "1"]
[TimeControl "40/5400+30:1800+30"]

1. d4 d5 2. c4 c6 3. e3 Nf6 4. Nf3 Bg4 5. h3 Bf5 6. Nc3 {[%emt 0:01:32] D11: Slav Defence: 3 Nf3 sidelines and 3...Nf6 4 e3 Bg4.} e6 7. Qb3 Qb6 8. Nh4 {[%emt 0:04:13] [#] The position is equal.} Be4 $146 ({Predecessor:} 8... Nbd7 9. g4 Bg6 10. Nxg6 hxg6 11. Bg2 Qa6 12. cxd5 exd5 13. g5 Nh7 14. h4 Qb6 {1-0 (48) Kobo,O (2380)-Farkas,R (2314) Batumi 2014}) 9. Be2 Be7 10. O-O Nbd7 11. Qxb6 Nxb6 12. c5 Nbd7 13. b4 b6 (13... O-O $11) 14. Ba6 {[%emt 0:06:22] Strongly threatening f3.} Rb8 {[%emt 0:10:12] [#]} ({Black should play} 14... Rd8 $14) 15. f3 $1 $16 Bg6 {[%emt 0:03:08] This costs Black the game.} (15... bxc5 $16 16. bxc5 (16. Nxe4 dxe4 17. fxe4 Nxe4 $17) (16. fxe4 cxd4 17. exd4 Nxe4 $14) 16... Bc2) 16. Nxg6 $18 hxg6 (16... fxg6 {might work better.} 17. b5 bxc5) 17. b5 bxc5 18. bxc6 {[%emt 0:00:31] Black must now prevent c7.} Nb6 19. c7 Rc8 20. Bxc8 Nxc8 21. dxc5 Bxc5 22. Na4 Bd6 23. Bd2 Bxc7 24. Rfc1 Kd7 25. Nc5+ Kd8 {[%emt 0:00:19] [#]} 26. Ba5 $1 Nb6 (26... Bxa5 27. Nb7+) 27. Rab1 Ne8 28. Na6 {[%emt 0:00:51] Weighted Error Value: White=0.11 (very precise) /Black=0.30} 1-0

[Event "4th ESNA Championship 2022"]
[Site "Vaduz"]
[Date "2022.09.27"]
[Round "4.2"]
[White "Apol, Luitjen Akselsson"]
[Black "Michaelides, Konstantinos"]
[Result "1-0"]
[ECO "D05"]
[WhiteElo "2113"]
[BlackElo "2304"]
[Annotator "TA"]
[PlyCount "61"]
[EventDate "2022.09.25"]
[EventType "tourn"]
[EventCountry "LIE"]
[SourceTitle "playchess.com"]
[Source "ChessBase"]
[SourceQuality "1"]
[TimeControl "40/5400+30:1800+30"]

1. d4 d5 2. Nf3 e6 3. e3 Nf6 4. Bd3 c5 5. b3 Bd6 6. O-O O-O 7. Bb2 Nc6 8. a3 b6 9. Nbd2 Bb7 {[%emt 0:02:24] D05: Colle System with ...e6.} 10. Qe2 Qe7 11. dxc5 Bxc5 {[%emt 0:07:21] The position is equal.} 12. e4 {[%emt 0:04:57] [#]} dxe4 $146 (12... a5 $11) ({Predecessor:} 12... Rfe8 13. e5 Nh5 14. b4 Nf4 15. Qd1 Nxd3 16. cxd3 Nxb4 17. axb4 Bxb4 18. Nb3 Rec8 {1-0 (36) Sviridov,V (2245)-Kurbatskaya,L (1944) Novosibirsk 2012}) 13. Nxe4 $14 Nxe4 14. Qxe4 {[%emt 0:00:38][%csl Gd3][%cal Re4h7] [#]} (14. Bxe4 Rad8 $11) 14... g6 15. Qf4 {[%emt 0:11:43] Inhibits Nb4. White is more active.} Bd6 16. Qh6 e5 $2 {[%emt 0:02:01] Loses the game.} (16... f6 $11 {and Black is okay.}) 17. Bc4 ({Not} 17. Ng5 f6 $11) 17... Kh8 (17... Qf6 $16) 18. Rad1 $40 {[%emt 0:01:17][%cal Od1d6,Ba1d1,Bd1d7,Bd7c7][%mdl 160] White has strong attack.} ({Weaker is} 18. Ng5 f6 19. Ne4 Nd4 20. Nxd6 Qxd6 $11) 18... Bc7 (18... f6 {was necessary.}) 19. Ng5 f6 {[%emt 0:00:41] [#]} 20. Nxh7 Qxh7 21. Qxh7+ {[%emt 0:00:06][%mdl 64] Remove Defender} Kxh7 22. Rd7+ Kh8 {[%emt 0:03:34] Strongly threatening ...Rac8.} 23. Rxc7 Rab8 $2 (23... Na5 24. f4 Rac8) 24. f4 {[%emt 0:05:51][%cal Bf2f4,Bf4e5,Be5f6,Bf6f7][%mdl 32] Black must now prevent Rf3. White is clearly winning.} Na5 25. fxe5 Nxc4 26. bxc4 Rfc8 27. Rxc8+ Rxc8 28. exf6 {[%emt 0:00:10] aiming for f7+.} Rf8 29. f7+ Kh7 30. Bc3 a5 31. Be5 {[%emt 0:00:31] Weighted Error Value: White=0.17 (very precise) /Black=0.66} 1-0

[Event "4th ESNA Championship 2022"]
[Site "Vaduz"]
[Date "2022.09.27"]
[Round "4.3"]
[White "Frick, Renato"]
[Black "Kirby, Peter J."]
[Result "0-1"]
[ECO "B35"]
[WhiteElo "1875"]
[BlackElo "2011"]
[Annotator "TA"]
[PlyCount "132"]
[EventDate "2022.09.25"]
[EventType "tourn"]
[EventCountry "LIE"]
[SourceTitle "playchess.com"]
[Source "ChessBase"]
[SourceQuality "1"]
[TimeControl "40/5400+30:1800+30"]

1. e4 c5 2. Nf3 Nc6 3. d4 cxd4 4. Nxd4 g6 5. Nc3 Bg7 6. Be3 Nf6 7. Bc4 O-O 8. Bb3 Qa5 9. O-O d6 10. f3 Bd7 11. Qd2 Nxd4 12. Bxd4 ({Of course not} 12. Qxd4 Ng4 $1 13. Qd3 Nxe3 14. Qxe3 Bxc3 15. Qxc3 Qxc3 16. bxc3 Rfc8 $17) 12... Bc6 {[%emt 0:03:50] B35: Sicilian: Accelerated Dragon with 5 Nc3: main line.} 13. Rad1 Rfc8 14. Kh1 {[%emt 0:03:58] [#]} Qh5 $146 {[%emt 0:09:35] White is slightly better.} ({Predecessor:} 14... Nd7 15. Nd5 Qd8 16. Bxg7 Kxg7 17. f4 Nc5 18. Qd4+ Kg8 19. f5 Nxb3 20. axb3 Bxd5 21. Qxd5 Rc5 22. Qd2 Qc7 23. c3 Re5 24. Rf3 Qd8 25. Rdf1 Qf8 26. Qf2 f6 27. Rg3 {½-½ (27) Wojciechowski,P (2008)-Burnett,L (1952) England 2016}) 15. Qf2 b6 16. Rfe1 Qa5 17. e5 dxe5 18. Rxe5 ({Much worse is} 18. Bxe5 $6 Rd8 $11) 18... Qb4 19. a3 Qd6 20. Ree1 (20. Qe3 $1 $16) 20... Qc7 $14 21. Qe3 (21. Be5 $14 Qb7 22. Qd4) 21... Re8 22. Be5 Qb7 23. Rd2 Rad8 24. Red1 Rxd2 25. Rxd2 Nd7 26. Bxg7 Kxg7 27. Bd5 Nf6 28. Bxc6 Qxc6 29. Qd3 Rc8 30. Kg1 Kf8 31. g3 Ne8 32. Kg2 Nd6 {[%emt 0:00:20] White must now prevent ...Nc4.} 33. Qd4 f6 {[%emt 0:01:28] White should prevent ...Nc4.} 34. Nd5 Nf5 35. Qe4 Qc4 36. g4 (36. Qxc4 $11 Rxc4 37. g4) 36... Qxe4 $15 37. fxe4 {[%emt 0:00:02][%mdl 4096] Endgame KRN-KRN} Nd6 38. Re2 Nc4 39. c3 Ne5 40. h3 Kf7 41. Kg3 e6 42. Nf4 Rd8 43. Ng2 Ke7 44. Ne1 Rd1 45. Kf2 Kd6 {[%emt 0:05:47] Black is more active.} 46. Rc2 Nd3+ 47. Ke2 (47. Nxd3 $142 Rxd3 48. Kg2) 47... Rxe1+ $19 48. Kxd3 {[%emt 0:00:06] KR-KR} Rh1 49. Kc4 a6 50. Rd2+ Kc7 $2 ({Black should try} 50... Ke5 $19 51. Rd3 Re1) 51. Rf2 $11 Rxh3 52. Rxf6 Kd6 53. Rf7 ({White should play} 53. Kd4 $1 $11) 53... Rh4 (53... Ke5 $1 $15) 54. Ra7 Rxg4 55. Rxa6 Kc6 {[%emt 0:00:57] Hoping for ...Kb7.} 56. Kd4 Rg5 (56... Kb7 $15 57. Ra4 Rg5) 57. Ra7 e5+ 58. Kc4 {[%emt 0:00:58] [#]} (58. Ke3 $11 {remains equal.}) 58... h5 $1 $17 59. b4 $2 {[%emt 0:00:44][%mdl 8192] Loses the game.} (59. Rh7 $17 {is a better chance.}) 59... b5+ (59... h4 $142 60. Rf7 b5+ 61. Kd3 h3) 60. Kb3 $2 {[%emt 0:00:38] [#]} (60. Kd3) 60... h4 $1 $19 {[%emt 0:00:46] Strongly threatening ...h3.} 61. a4 bxa4+ 62. Kxa4 h3 {[%emt 0:00:57] ...h2 is the strong threat.} 63. Rh7 Rh5 64. b5+ Kd6 65. Rg7 h2 66. Rxg6+ Ke7 {[%emt 0:00:09] Weighted Error Value: White=0.37/Black=0.20 (precise)} (66... Kd7 $142 67. Rg7+ Ke6) 0-1

[Event "4th ESNA Championship 2022"]
[Site "Vaduz"]
[Date "2022.09.27"]
[Round "4.4"]
[White "Berend, Fred"]
[Black "Efimov, Igor"]
[Result "0-1"]
[ECO "B07"]
[WhiteElo "2300"]
[BlackElo "2360"]
[Annotator "TA"]
[PlyCount "92"]
[EventDate "2022.09.25"]
[EventType "tourn"]
[EventCountry "LIE"]
[SourceTitle "playchess.com"]
[Source "ChessBase"]
[SourceQuality "1"]
[TimeControl "40/5400+30:1800+30"]

1. e4 d6 2. d4 Nf6 3. Nc3 g6 4. Be3 Bg7 5. Qd2 c6 6. h3 b5 7. Bd3 {[%emt 0:02:30] B07: Pirc Defence: Miscellaneous Systems.} e5 8. Nf3 (8. dxe5 $1 $14 dxe5 9. Nf3) 8... exd4 $11 9. Nxd4 {[%emt 0:00:00] The position is equal.} O-O 10. a3 {[%emt 0:00:00] [#]} Re8 $146 ({Predecessor:} 10... a6 11. Nde2 Re8 12. O-O c5 13. Ng3 Bb7 14. Rfe1 Nbd7 15. Bg5 Qb6 16. Bf1 c4 {½-½ (25) Novoselski,Z (2370)-Matulovic,M (2450) Cetinje 1992}) 11. Nde2 Nbd7 12. Ng3 Ne5 13. Be2 Nc4 14. Bxc4 bxc4 15. O-O-O d5 16. Rhe1 Be6 $1 17. exd5 cxd5 (17... Nxd5 $11 18. Bd4 Bxd4 19. Qxd4 Qg5+ 20. Qd2 Qxd2+ 21. Kxd2 Reb8) 18. Bd4 $14 Rb8 19. Kb1 (19. Qf4 $14) 19... Re7 $1 $15 20. Na4 (20. Ka2 $142) 20... Reb7 $1 $17 21. Be5 $2 (21. Ka1 $17) 21... Bd7 $19 (21... Rc8 22. Ka1 $11) 22. Nc3 Rxb2+ 23. Kc1 {[%emt 0:00:00][%cal Bb1c1,Bc1d2,Bd2e2,Be2f1][%mdl 32] [#]} R8b7 $2 (23... Ba4 $1 {[%cal Od8b6][%mdl 512] Hoping for ...Qb6!} 24. Re2 (24. Re3 Ne4) 24... Ne4 25. Ngxe4 Bxe5) 24. Qd4 {[%emt 0:00:00] [#]} Qa5 $1 25. Kd2 {[%emt 0:04:27] [#]} ({Avoid the trap} 25. Bxf6 $2 Qxa3 $1 26. Kd2 (26. Nxd5 $2 Rxc2+ 27. Kxc2 Qa2+ 28. Kc3 Rb3+ 29. Kxc4 Qa4+ 30. Nb4 Rxb4+ 31. Kd3 Rxd4+ $19) 26... Bxf6 27. Qxf6 Rxc2+ $3 28. Ke3 Rb6 $19) 25... Qxa3 $40 {[%emt 0:00:00][%mdl 128] Black wants a kill. Dancing on a razor blade.} 26. Rc1 (26. Ke2 $17 Rxc2+ 27. Kf1) 26... R7b6 27. Re3 (27. Ke2 $17 {keeps fighting.}) 27... Qa5 28. Ke2 Re6 ({Stronger than} 28... Bc8 29. Nge4 Nxe4 30. Bxg7 Nxc3+ 31. Qxc3 $17) 29. Kf1 Qb6 30. Qf4 (30. Nge2 {was the only chance.}) 30... a5 31. Nce2 $2 (31. Qh4) 31... Rb1 32. Bd4 Rxc1+ 33. Nxc1 Qb1 34. Rxe6 Bxe6 {[%emt 0:00:28] This bishop pair is nice.} (34... fxe6 $2 {perishes.} 35. c3 $19) 35. Nge2 {[%emt 0:01:05] [#]} Qxc2 $1 36. g4 {[%emt 0:00:19] aiming for Qb8+.} (36. Ke1 Nd7) 36... Nd7 {[%emt 0:01:18] Inhibits Qb8+.} 37. Bxg7 Kxg7 38. Nd4 Qe4 39. Nxe6+ (39. Qxe4 $142 dxe4 40. Ke2) 39... Qxe6 {[%emt 0:00:15][%mdl 4096] Endgame KQN-KQN} 40. Ne2 Qe5 41. Qd2 a4 {[%emt 0:33:35] Threatens to win with ...a3.} 42. Qa5 d4 43. Qxa4 d3 44. Ng1 Nc5 45. Qxc4 d2 46. Qe2 Qa1+ {[%emt 0:00:00] Weighted Error Value: White=1.12/Black=0.34} 0-1